 Dungeon Crawl Stone Soup version 0.29.1-1-gd02db69 (webtiles) character file.

Game seed: 1810780904562384072

1136 ChinnyChinChin the Cudgeller (level 8, -13/63 (66) HPs)
             Began as a Palentonga Abyssal Knight on Apr 6, 2023.
             Was an Elder of Lugonu.
             Mangled by an ogre
             ... wielding a +0 giant club
              (23 damage)
             ... on level 6 of the Dungeon.
             The game lasted 00:38:18 (5462 turns).

ChinnyChinChin the Cudgeller (PaAK)                 Turns: 5462, Time: 00:38:20

HP:   -13/63 (66)   AC: 13    Str: 20    XL:     8   Next: 14%
MP:   26/27         EV:  9    Int: 11    God:    Lugonu [****..]
Gold: 265           SH:  0    Dex: 11    Spells: 7/7 levels left

rFire   . . .      SeeInvis +   l - +1 flail (drain)
rCold   . . .      Faith    .   (no shield)
rNeg    . . .      Spirit   .   C - +0 ring mail
rPois   .          Reflect  .   (no helmet)
rElec   .          Harm     .   (no cloak)
rCorr   .          Rampage  .   (no gloves)
Will    .....                   (no barding)
Stlth   +.........              D - amulet of regeneration
HPRegen 1.00/turn               o - ring of magical power
MPRegen 0.20/turn               x - ring of magical power

@: lightly drained, curled up
A: large, rugged brown scales 3, see invisible, deformed body, roll 1, armoured
tail, reflexive curl
a: Rolling Charge, Renounce Religion, Depart the Abyss, Bend Space, Banish,
Corrupt


You were on level 6 of the Dungeon.
You worshipped Lugonu.
Lugonu was greatly pleased with you.
You visited 1 branch of the dungeon, and saw 6 of its levels.
You visited the Abyss 1 time.

You collected 265 gold pieces.

Inventory:

Hand Weapons
 a - a +1 hand axe
 l - a +1 flail of draining (weapon)
Armour
 b - a +0 leather armour
 f - a +0 scale mail
 C - a +0 ring mail (worn)
Jewellery
 o - a ring of magical power (left hand)
 x - a ring of magical power (right hand)
 D - an amulet of regeneration (around neck)
Wands
 w - a wand of flame (14)
 z - a wand of charming (11)
Scrolls
 c - 4 scrolls of identify {unknown}
 d - 5 scrolls of teleportation {unknown}
 g - 2 scrolls of immolation {unknown}
 h - a scroll of poison {unknown}
 i - 2 scrolls of vulnerability {unknown}
 j - 3 scrolls of noise {unknown}
 m - a scroll of summoning {unknown}
 p - 2 scrolls of enchant armour {unknown}
 r - a scroll of acquirement {unknown}
 t - 2 scrolls of blinking {unknown}
 y - 2 scrolls of fog {unknown}
 B - a scroll of fear {unknown}
 G - a scroll of enchant weapon {unknown}
Potions
 e - 5 potions of curing {unknown}
 k - a potion of degeneration {unknown}
 n - 2 potions of brilliance {unknown}
 q - a potion of might {unknown}
 s - a potion of resistance {unknown}
 u - 3 potions of haste {unknown}
 v - a potion of flight {unknown}
 A - a potion of cancellation {unknown}
 E - a potion of attraction {unknown}
 F - a potion of invisibility {unknown}


   Skills:
 + Level 5.1 Fighting
 + Level 2.9(5.0) Axes
 + Level 6.2(6.5) Maces & Flails
 + Level 4.1 Armour
 + Level 2.0 Dodging
 + Level 0.2 Stealth
 + Level 2.1 Invocations


You had 7 spell levels left.
You didn't know any spells.
Your spell library contained the following spells:

 Spells                   Type           Power      Damage    Failure   Level
 Ensorcelled Hibernation  Hex/Ice        0%         N/A       65%         2
 Call Canine Familiar     Summ           0%         N/A       86%         3
 Portal Projectile        Hex/Tloc       0%         N/A       86%         3
 Spider Form              Tmut/Pois      0%         N/A       86%         3
 Anguish                  Hex/Necr       0%         N/A       99%         4
 Leda's Liquefaction      Hex/Erth       0%         N/A       99%         4


Dungeon Overview and Level Annotations

Branches:
Dungeon (6/15)             Temple (0/1) D:5

Altars:
Elyvilon
Okawaru
Qazlal

Shops:
D:5 (


Innate Abilities, Weirdness & Mutations

You are completely covered in rugged brown scales. (AC +3, +7% HP)
You have supernaturally acute eyesight. (SInv)
Armour fits poorly on your strangely shaped body.
You can roll at nearby foes to attack.
You have a long armoured tail.
You curl defensively after being hit. (AC +7*)


Message History

The white imp is lightly wounded.
The white imp shouts, "Abandon hope, thou gleeking fob-snatching mish-mash!"
The white imp gestures at you. The puff of frost hits you.
The wight hits you from afar with a +0 spear.
You feel drained.
You closely miss the white imp.
Your tail-slap misses the white imp.
The white imp is lightly wounded.
The white imp closely misses you. The wight closely misses you.
You closely miss the white imp.
The white imp is lightly wounded.
The white imp hits you. The white imp freezes you.
* * * LOW HITPOINT WARNING * * *
The wight hits you but does no damage.
You sock the white imp!
You kill the white imp!
Lugonu accepts your kill.
The wight hits you from afar with a +0 spear.
* * * LOW HITPOINT WARNING * * *
You feel drained.
* * * LOW HITPOINT WARNING * * *
Save game and exit?
Okay, then.
Space bends violently around you!
You blink.
Found 10 gold pieces.
The wight blinks!
The orc hits you with a +0 dagger.
* * * LOW HITPOINT WARNING * * *
The wight hits you but does no damage. Space bends violently around you!
You blink.
Activating: Corrupt (67% risk of failure)
Press: ? - help, Dir - look around, f - activate
Okay, then.
The orc hits you but does no damage. Space bends violently around you!
You blink.
You are too injured to fight recklessly!
The orc barely misses you.
The wight hits you from afar with a +0 spear.
* * * LOW HITPOINT WARNING * * *
The ogre attacks as you move away!
The ogre hits you with a +0 giant club!!
You die...

..#....<#
#....#
.'.....#
#....#
#.....#
#....#
#.....#
....##
#....$#
#.....#
##.z..#
##.zo.##
#..@O..#
#......#
########


You could see an ogre, 2 wights and an orc.

Vanquished Creatures
  An orc warrior (D:6)
  A sky beast (D:6)
  2 ogres (D:4)
  A black bear (D:5)
  2 scorpions (D:6)
  A wight (D:6)
  A howler monkey (D:5)
  5 hounds (D:5)
  A jelly (D:6)
  4 iguanas
  2 orc wizards
  3 adders
  A shadow imp (D:6)
  3 white imps
  2 worms
  8 orcs
  4 endoplasms
  5 giant cockroaches
  7 goblins
  9 hobgoblins
  4 jackals (D:4)
  12 kobolds
  A quokka (D:1)
  11 ball pythons
  4 bats
  6 frilled lizards
  9 rats
110 creatures vanquished.

Notes
Turn   | Place    | Note
-------+----------+-------------------------------------------
     0 | Abyss:1  | ChinnyChinChin the Palentonga Abyssal Knight began the
                  | quest for the Orb.
     0 | Abyss:1  | Reached XP level 1. HP: 19/19 MP: 2/2
     5 | D:1      | Escaped the Abyss
   298 | D:1      | Reached XP level 2. HP: 23/25 MP: 3/3
   817 | D:1      | Reached *** piety under Lugonu
   820 | D:1      | Reached XP level 3. HP: 26/31 MP: 4/4
   903 | D:1      | Found a faded altar of an unknown god.
  2097 | D:3      | Reached skill level 1 in Dodging
  2097 | D:3      | Reached XP level 4. HP: 39/39 MP: 5/5
  2108 | D:3      | Reached skill level 1 in Maces & Flails
  2844 | D:4      | Noticed an ogre
  2847 | D:4      | Killed an ogre
  2848 | D:4      | Reached skill level 2 in Maces & Flails
  2848 | D:4      | Reached XP level 5. HP: 44/44 MP: 6/6
  2929 | D:4      | Reached skill level 3 in Maces & Flails
  3170 | D:4      | Found an iron altar of Okawaru.
  3170 | D:4      | Noticed an ogre
  3182 | D:4      | Killed an ogre
  3183 | D:4      | Reached XP level 6. HP: 26/51 MP: 7/7
  3981 | D:5      | Entered Level 5 of the Dungeon
  4010 | D:5      | Reached **** piety under Lugonu
  4112 | D:5      | Found Siddadd's Antique Weapon Emporium.
  4437 | D:5      | Found a staircase to the Ecumenical Temple.
  4456 | D:5      | Reached skill level 4 in Maces & Flails
  4631 | D:5      | Found a stormy altar of Qazlal.
  4702 | D:5      | Gained mutation: You curl defensively after being hit. (AC
                  | +7*) [Palentonga growth]
  4702 | D:5      | Reached XP level 7. HP: 58/58 MP: 8/8
  5014 | D:6      | Found a white marble altar of Elyvilon.
  5033 | D:6      | Reached skill level 5 in Maces & Flails
  5436 | D:6      | Reached skill level 5 in Fighting
  5436 | D:6      | Reached skill level 6 in Maces & Flails
  5436 | D:6      | Reached XP level 8. HP: 54/66 MP: 9/9
  5462 | D:6      | Mangled by an ogre

Illustrated notes

Levels and vault maps discovered:
D:1:      dpeg_arrival_castle, layout_rooms, hellmonk_ecumenical_altar_lost_god
D:2:      layout_loops_ring
D:3:      layout_basic, serial_bayou_pond_e, serial_bayou_pond_a,
          minmay_misc_feat_more_columns
D:4:      layout_gridville, mainiacjoe_overflow_tiny_flanked
D:5:      layout_loops_corners, nicolae_qazlal_eye_of_the_storm,
          minmay_temple_entry_trees, serial_shops, shop
D:6:      layout_gridville, mainiacjoe_overflow_small_starburst

Skill      XL: |  1  2  3  4  5  6  7  8 |
---------------+-------------------------+-----
Armour         | 2 3 4 |  4.1
Dodging        | 1 2 |  2.0
Maces & Flails | 2 3 4 6 |  6.2
Fighting       | 4 5 |  5.1
Axes           | |  2.9
Stealth        | |  0.2
Invocations    | |  2.1

Action                   |  1- 3 |  4- 6 |  7- 9 || total
-------------------------+-------+-------+-------++-------
Melee: Hand axe          |    95 |       |       ||    95
       Punch             |     2 |       |     2 ||     4
       Tailslap          |    10 |    12 |    14 ||    36
       Flail             |    35 |   126 |    79 ||   240
Invok: Bend Space        |       |     1 |     3 ||     4
 Abil: Rolling Charge    |    17 |    27 |     7 ||    51
Armor: Leather armour    |    12 |       |       ||    12
       Scale mail        |    59 |    47 |       ||   106
       Ring mail         |       |    20 |    32 ||    52
Dodge: Dodged            |    57 |    58 |    45 ||   160
